 Dungeon Crawl Stone Soup version 0.30-a0-250-g41c1d76940 (webtiles) character file.

Game seed: 13220392419517862261

4405 brknglss the Arsonist (level 10, -1/56 HPs)
             Began as an Octopode Fire Elementalist on Oct 12, 2022.
             Was an Initiate of Vehumet.
             Slain by a killer bee (10 damage)
             ... on level 9 of the Dungeon.
             The game lasted 00:30:21 (10580 turns).

brknglss the Arsonist (Octopode Fire Elementalist) Turns: 10580, Time: 00:30:21

Health: -1/56      AC:  1    Str: 13    XL:     10   Next: 35%
Magic:  12/17      EV: 15    Int: 22    God:    Vehumet [......]
Gold:   361        SH:  0    Dex: 13    Spells: 11/18 levels left

rFire   . . .      SeeInvis .    u - staff of conjuration
rCold   . . .      Faith    .    (no shield)
rNeg    . . .      Spirit   .    (helmet restricted)
rPois   .          Reflect  .    J - amulet of magic regeneration
rElec   .          Harm     .    e - +6 ring of strength
rCorr   .          Rampage  .    (no ring)
Will    .....                    (no ring)
Stlth   +++.......               (no ring)
HPRegen 0.29/turn                (no ring)
MPRegen 0.55/turn                (no ring)
                                 (no ring)
                                 (no ring)

@: no status effects
A: almost no armour, amphibious, 8 rings, camouflage 1, gelatinous body 1,
(nimble swimmer 1), tentacles
a: Renounce Religion


You were on level 9 of the Dungeon.
You worshipped Vehumet.
Vehumet was noncommittal.
You visited 2 branches of the dungeon, and saw 10 of its levels.

You collected 361 gold pieces.

Inventory:

Hand Weapons
 f - a +0 dagger of venom
 t - a +4 dagger
 w - a +4 whip
Missiles
 o - 2 datura-tipped darts
 v - 3 throwing nets
 y - 10 poisoned darts
 A - a curare-tipped dart
Magical Staves
 h - a staff of air
 u - a staff of conjuration (weapon)
Jewellery
 e - a +6 ring of strength (left tentacle)
 n - an amulet of the acrobat
 I - a ring of flight
 J - an amulet of magic regeneration (around mantle)
Wands
 s - a wand of mindburst (22)
 C - a wand of charming (21)
 E - a wand of roots (6)
 F - a wand of flame (18)
Scrolls
 b - a scroll of magic mapping
 g - 9 scrolls of teleportation
 i - a scroll of summoning
 j - 2 scrolls of silence {unknown}
 k - 5 scrolls of fear {unknown}
 l - 2 scrolls of poison {unknown}
 p - a scroll of acquirement {unknown}
 q - a scroll of torment {unknown}
 r - a scroll of blinking {unknown}
 z - 3 scrolls of enchant weapon {unknown}
 B - a scroll of amnesia {unknown}
 H - 2 scrolls of enchant armour {unknown}
Potions
 a - 4 potions of magic
 c - a potion of mutation
 d - a potion of flight
 m - 2 potions of curing
 x - a potion of resistance
 D - 2 potions of haste
 G - 3 potions of brilliance


   Skills:
 + Level 1.2 Staves
 + Level 6.6 Dodging
 - Level 2.6 Stealth
 + Level 4.9 Spellcasting
 + Level 6.3 Conjurations
 * Level 9.6 Fire Magic
 + Level 5.6 Evocations


You had 11 spell levels left.
You knew the following spells:

 Your Spells              Type           Power      Damage    Failure   Level
a - Foxfire               Conj/Fire      100%       2x1d9     1%          1
b - Scorch                Fire           94%        2d10      1%          2
c - Flame Wave            Conj/Fire      57%        2d14      3%          4

Your spell library contained the following spells:

 Spells                   Type           Power      Damage    Failure   Level
 Inner Flame              Hex/Fire       26%        N/A       4%          3
 Kindle Blastsparks       Fire/Tloc/Air  38%        2d13      9%          3
 Apportation              Tloc           10%        N/A       11%         1
 Necrotise                Necr           20%        1d5       11%         1
 Fireball                 Conj/Fire      28%        3d12      11%         5
 Mephitic Cloud           Conj/Pois/Air  22%        N/A       13%         3
 Cigotuvi's Dreadful Rot  Necr/Pois/Air  10%        N/A       16%         2
 Poisonous Vapours        Pois/Air       10%        N/A       16%         2
 Gell's Gravitas          Tloc           5%         N/A       30%         3
 Lesser Beckoning         Tloc           10%        N/A       30%         3
 Teleport Other           Tloc           5%         N/A       30%         3
 Vampiric Draining        Necr           5%         2d6       30%         3
 Starburst                Conj/Fire      28%        6d9       52%         6
 Agony                    Necr           5%         N/A       96%         5
 Alistair's Intoxication  Tmut/Pois      3%         N/A       96%         5
 Summon Cactus Giant      Summ           2%         N/A       100%        6


Dungeon Overview and Level Annotations

Branches:
Dungeon (9/15)             Temple (1/1) D:7
   Lair: D:8-11         Orc: D:9-12

Altars:
Dithmenos
Elyvilon
Kikubaaqudgha
Makhleb
Qazlal
Ru
Trog
Vehumet
Yredelemnul
The Shining One
Lugonu

Shops:
D:4 ?=((

Annotations:
D:5 1 runed translucent door, hgbash's ghost, novice GrEE
D:8 2 transporters


Innate Abilities, Weirdness & Mutations

You cannot wear most types of armour.
You are amphibious.
You can wear up to eight rings at the same time.
Your skin changes colour to match your surroundings (Stealth+).
Your rubbery body absorbs attacks. (AC +1, EV +1)
((You are camouflaged when in or above water. (Stealth+)))
You have tentacles for arms and can constrict up to eight enemies at once.


Message History

The killer bee stings you.
A killer bee comes into view.
The killer bee stings you!
You are more poisoned.
The killer bee poisons you! The killer bee stings you!
* * * LOW HITPOINT WARNING * * *
The kobold brigand completely misses you.
Unknown command.
Casting: Foxfire (safe; 1% risk of failure)
Confirm with . or Enter, or press ? or * to list all spells.
You feel a surge of power!
You conjure some foxfire!
You feel very sick.
The foxfire hits the kobold brigand.
The kobold brigand is almost dead.
The foxfire hits the kobold brigand but does no damage.
The kobold brigand is almost dead.
The foxfire hits the killer bee.
The killer bee is moderately wounded.
The killer bee barely misses you. The killer bee misses you.
The killer bee stings you!
* * * LOW HITPOINT WARNING * * *
You are lethally poisoned!
The killer bee poisons you! The kobold brigand closely misses you.
Okay, then.
You feel better.
The foxfire hits the killer bee but does no damage.
The killer bee is moderately wounded.
The killer bee stings you.
* * * LOW HITPOINT WARNING * * *
You are poisoned.
The killer bee poisons you! The killer bee misses you.
The killer bee barely misses you. The killer bee stings you!
* * * LOW HITPOINT WARNING * * *
The killer bee barely misses you. The killer bee closely misses you.
The kobold brigand hits you with a +0 short sword!
* * * LOW HITPOINT WARNING * * *
Unknown command.
Okay, then.
You feel better. The killer bee stings you!
You die...

####+##### #####
.........##.....
.........#.<...
..........$..
......)yy.#
.......@y<#
.......K..#
......)...#
..........#
.......>.##
.........#
##########


You could see a kobold brigand and 3 killer bees.

Vanquished Creatures
  Maggie (D:7)
  Prince Ribbit (D:7)
  Grinder (D:6)
  A wyvern (D:8)
  A vampire (D:6)
  Menkaure (D:6)
  A water moccasin (D:8)
  Duvessa (D:6)
  A sky beast (D:8)
  2 black bears (D:6)
  4 ice beasts
  3 centaurs
  A kobold brigand (D:5)
  3 bullfrogs
  2 necrophages
  9 wights
  Dowan (D:6)
  5 killer bees
  2 electric eels (D:7)
  5 howler monkeys
  8 hounds
  A jelly (D:7)
  A gnoll bouda (D:7)
  An orc priest (D:5)
  2 iguanas
  Terence (D:2)
  Natasha (thrice) (D:4)
  An orc wizard (D:4)
  8 adders
  10 gnolls
  3 white imps
  2 ufetubi
  2 worms
  2 dart slugs (D:1)
  25 orcs
  2 bats
  11 endoplasms
  7 giant cockroaches
  6 goblins
  5 hobgoblins
  6 jackals
  10 quokkas
  8 ball pythons
  3 frilled lizards
  18 kobolds
  8 rats
  A bush (D:7)
201 creatures vanquished.

Vanquished Creatures (collateral kills)
  6 foxfires
6 creatures vanquished.

Vanquished Creatures (others)
  576 foxfires
  6 fungi (D:3)
  2 plants (D:1)
  5 withered plants (D:1)
589 creatures vanquished.

Grand Total: 796 creatures vanquished

Notes
Turn   | Place    | Note
-------+----------+-------------------------------------------
     0 | D:1      | brknglss the Octopode Fire Elementalist began the quest for
                  | the Orb.
     0 | D:1      | Reached XP level 1. HP: 11/11 MP: 3/3
   297 | D:1      | Found a faded altar of an unknown god.
   330 | D:1      | Reached XP level 2. HP: 15/17 MP: 0/5
   694 | D:1      | Reached XP level 3. HP: 15/21 MP: 0/6
  1347 | D:2      | Learned a level 2 spell: Scorch
  1537 | D:2      | Reached skill level 4 in Fire Magic
  1537 | D:2      | Reached XP level 4. HP: 12/27 MP: 0/7
  1765 | D:2      | Reached XP level 5. HP: 31/31 MP: 1/9
  1956 | D:2      | Noticed Terence
  1968 | D:2      | Killed Terence
  2273 | D:2      | You fall into a shaft and drop 1 floor!
  2785 | D:3      | Found a shadowy altar of Dithmenos.
  3278 | D:3      | Found a white marble altar of Elyvilon.
  3434 | D:3      | Found a bloodstained altar of Trog.
  3623 | D:4      | Reached XP level 6. HP: 32/36 MP: 5/10
  3676 | D:4      | Found Dolole's Magic Scroll Shop.
  3680 | D:4      | Found Lorhedut's Jewellery Shoppe.
  3756 | D:4      | Identified the +3 chain mail "Gafaxtyh" {Rampage rF+ Will+
                  | Dex+4}
  4040 | D:4      | Reached skill level 5 in Fire Magic
  4040 | D:4      | Found Heolea's Antique Weapon Emporium.
  4101 | D:4      | Noticed an ice beast
  4114 | D:4      | Killed an ice beast
  4294 | D:4      | Noticed Natasha
  4300 | D:4      | Killed Natasha
  4362 | D:4      | Reached XP level 7. HP: 41/41 MP: 8/12
  4369 | D:4      | Noticed Natasha
  4374 | D:4      | Killed Natasha
  4406 | D:4      | Noticed Natasha
  4412 | D:4      | Killed Natasha
  4634 | D:4      | Found Qeivo's Antique Weapon Emporium.
  4847 | D:4      | Found an ancient bone altar of Kikubaaqudgha.
  4877 | D:5      | Entered Level 5 of the Dungeon
  5085 | D:5      | Found a sacrificial altar of Ru.
  5242 | D:5      | Reached skill level 6 in Fire Magic
  5510 | D:5      | Reached skill level 1 in Evocations
  5940 | D:5      | Found a runed translucent door.
  5940 | D:5      | Noticed hgbash's ghost (novice GrEE)
  6070 | D:6      | Reached XP level 8. HP: 18/46 MP: 2/13
  6271 | D:6      | Noticed Duvessa
  6531 | D:6      | Noticed Dowan
  6710 | D:5      | Learned a level 4 spell: Flame Wave
  6760 | D:6      | Killed Duvessa
  6766 | D:6      | Killed Dowan
  6767 | D:6      | Reached skill level 7 in Fire Magic
  6977 | D:6      | Noticed Grinder
  6988 | D:6      | Reached skill level 5 in Dodging
  6991 | D:6      | Killed Grinder
  7132 | D:6      | Reached XP level 9. HP: 44/51 MP: 11/14
  7205 | D:6      | Reached skill level 5 in Conjurations
  7397 | D:6      | Noticed Menkaure
  7402 | D:6      | Killed Menkaure
  7403 | D:6      | Reached skill level 8 in Fire Magic
  7976 | D:7      | Noticed Maggie
  8205 | D:7      | Killed Maggie
  8206 | D:7      | Reached skill level 9 in Fire Magic
  8206 | D:7      | Reached skill level 5 in Evocations
  8259 | D:7      | Found a burning altar of Makhleb.
  8461 | D:7      | Reached XP level 10. HP: 50/56 MP: 6/16
  8663 | D:7      | Found a staircase to the Ecumenical Temple.
  8668 | Temple   | Entered the Ecumenical Temple
  8718 | Temple   | Became a worshipper of Vehumet
  8962 | D:7      | Noticed Prince Ribbit
  8969 | D:7      | Killed Prince Ribbit
  9394 | D:8      | Found a basalt altar of Yredelemnul.
  9876 | D:8      | Found a corrupted altar of Lugonu.
  9876 | D:8      | Noticed a red ugly thing
  9877 | D:8      | Noticed a cyan ugly thing
 10183 | D:8      | Reached skill level 1 in Staves
 10360 | D:8      | Found a transporter.
 10362 | D:8      | Found a transporter.
 10363 | D:8      | Noticed a white ugly thing
 10579 | D:9      | HP: 1/56 [kobold brigand/+0 short sword (8)]
 10580 | D:9      | Slain by a killer bee

Illustrated notes

Levels and vault maps discovered:
D:1:      dpeg_arrival_renting, layout_basic,
          shapermc_ecumenical_altar_flowoftime, minmay_ruptured
D:2:      layout_loops_corners, minmay_tetromino_t2, uniq_terence
D:3:      layout_loops_cross, lightli_temple_of_fire,
          mainiacjoe_overflow_small_starburst, mainiacjoe_overflow_cross_hatched
D:4:      layout_loops_ring, kennysheep_mini_moat, serial_shops, shop, shop,
          nicolae_stop_n_shop_1, nicolae_shop_competitors_out_of_business,
          uniq_natasha
D:5:      layout_cave_pools, mainiacjoe_overflow_six_doors_small,
          ebering_ghost_inner_flame, grunt_decor_one_mirror
D:6:      layout_cave_pools, serial_glass, glass_columns_b, glass_columns_b,
          uniq_grinder, uniq_duvessa, uniq_menkaure
D:7:      layout_cave_pools, minmay_temple_entry_glassed_door, serial_park,
          serial_park_fountain, serial_park_square1
          [serial_park_minivault_5x5_7], serial_park_square2,
          serial_park_square3 [serial_park_minivault_5x5_7],
          uniq_prince_ribbit1, uniq_maggie
D:8:      gammafunk_corrupted_shrine, layout_basic, lemuel_doored_altar
D:9:      layout_roguey, mainiacjoe_overflow_concentric_impassable,
          slow_altar_2, serial_shops, shop, minmay_misc_feat_encased,
          minivault_11
Temple:   nicolae_temple_figure_zero

Skill      XL: |  1  2  3  4  5  6  7  8  9 10 |
---------------+-------------------------------+-----
Conjurations   | 2 3 4 5 6 |  6.3
Fire Magic     | 4 5 6 7 9 |  9.6
Dodging        | 3 4 5 6 |  6.6
Spellcasting   | 3 4 |  4.9
Evocations     | 1 3 5 |  5.6
Staves         | 1 |  1.2
Stealth        | |  2.6

Action                   |  1- 3 |  4- 6 |  7- 9 | 10-12 || total
-------------------------+-------+-------+-------+-------++-------
Melee: Whip              |     8 |       |       |       ||     8
       Tentacles         |    12 |    11 |     7 |     3 ||    33
       Unarmed           |     2 |       |       |       ||     2
       Dagger            |    27 |    40 |       |       ||    67
       Constrict         |    11 |    15 |     4 |     1 ||    31
       Staff             |       |     2 |    17 |     6 ||    25
       Punch             |       |       |     2 |       ||     2
 Cast: Foxfire           |    56 |    66 |   162 |    63 ||   347
       Scorch            |     1 |     9 |    42 |    10 ||    62
       Flame Wave        |       |       |     4 |     2 ||     6
Evoke: Wand              |       |       |     3 |       ||     3
  Use: Scroll            |       |     6 |     2 |     2 ||    10
       Potion            |       |       |       |     2 ||     2
 Stab: Sleeping          |     2 |     6 |     2 |       ||    10
Armor: Skin              |     5 |     5 |     4 |     2 ||    16
Dodge: Dodged            |    39 |    49 |   114 |    33 ||   235

Table legend: (Time is in decaauts)
 A = Elapsed time spent in this place.
 B = Non-inter-level travel time spent in this place.
 C = Inter-level travel time spent in this place.
 D = Time resting spent in this place.
 E = Time spent auto-exploring this place.
 F = Levels seen in this place.
 G = Mean time per level.
                   A        B        C        D        E       F      G
               +--------+--------+--------+--------+--------+-----+--------+
         Total |  10587 |  10342 |    245 |   4500 |   3909 |  10 | 1058.7 |
       Dungeon |  10525 |  10291 |    234 |   4500 |   3868 |   9 | 1169.4 |
        Temple |     62 |     51 |     11 |      0 |     41 |   1 |   62.0 |
               +--------+--------+--------+--------+--------+-----+--------+

Top non-repeatable levels by time:
     D:6: 1572 daAuts
     D:5: 1524 daAuts
     D:2: 1334 daAuts
     D:4: 1330 daAuts
     D:1: 1292 daAuts
     D:7: 1275 daAuts
     D:8: 1197 daAuts
     D:3: 988 daAuts
  Temple: 62 daAuts
     D:9: 9 daAuts
